 Dungeon Crawl Stone Soup version 0.31-a0-1603-gbec6b6ccbf (webtiles) character file.

Game seed: 8700190972903395499

64 Pooter the Chopper (level 3, 0/33 HPs)
             Began as a Minotaur Monk on Jan 7, 2024.
             Slain by an iguana (8 damage)
             ... on level 3 of the Dungeon on Jan 8, 2024.
             The game lasted 00:05:18 (1456 turns).

Pooter the Chopper (Minotaur Monk)                  Turns: 1456, Time: 00:05:18

Health: 0/33       AC:  3    Str: 17    XL:     3   Next: 91%
Magic:  2/2        EV: 12    Int:  7    God:
Gold:   101        SH:  5    Dex: 12    Spells: 2/2 levels left

rFire   . . .        a - +0 hand axe
rCold   . . .        d - orb {light}
rNeg    . . .        b - +0 robe
rPois   .            (helmet restricted)
rElec   .            f - +0 cloak
rCorr   .            (no gloves)
SInv    .            (no boots)
Will    .....        h - amulet of reflection
Stlth   +            (no ring)
HPRegen 0.25/turn    (no ring)
MPRegen 0.08/turn

%: reflection
@: glowing
A: horns 2, retaliatory headbutt
a: no special abilities


You were on level 3 of the Dungeon.
You visited 1 branch of the dungeon, and saw 3 of its levels.

You collected 101 gold pieces.

Inventory:

Hand Weapons
 a - a +0 hand axe (weapon)
Missiles
 Q - 10 stones (quivered)
Armour
 b - a +0 robe (worn)
 d - an orb of light (worn)
 f - a +0 cloak (worn)
   (You found it on level 1 of the Dungeon)
Jewellery
 h - an amulet of reflection (around neck)
   (You found it on level 1 of the Dungeon)
Scrolls
 e - a scroll of vulnerability {!r}
 i - a scroll of teleportation {unknown}
 k - a scroll of silence {unknown}
 l - a scroll of noise {unknown}
 n - a scroll of revelation {unknown}
Potions
 c - a potion of ambrosia
 g - a potion of might {unknown}
 j - a potion of brilliance {unknown}
 m - a potion of enlightenment {unknown}


   Skills:
 + Level 4.1 Fighting
 * Level 4.6 Axes
 - Level 3.2 Dodging
 * Level 1.9 Stealth


You had 2 spell levels left.
You didn't know any spells.
Your spell library was empty.

Dungeon Overview and Level Annotations

Branches:
Dungeon (3/15) Zot: 16536

Altars:


Innate Abilities, Weirdness & Mutations

You have a pair of horns on your head.
You reflexively headbutt those who attack you in melee.


Message History

You hit the quokka but do no damage. The quokka closely misses you.
You barely miss the quokka.
You headbutt the quokka, but do no damage.
The quokka bites you.
You hit the quokka.
You kill the quokka!
No target in view!
You see here a quokka corpse.
An endoplasm comes into view.
Found 5 stones.
The endoplasm quivers.
You slash the endoplasm!
You kill the endoplasm!
Q - 10 stones (gained 5)
Found a viscous pink potion.
m - a viscous pink potion
Found a scroll labelled REFUYT XOKISEW.
An endoplasm comes into view.
The endoplasm quivers.
You see here a scroll labelled REFUYT XOKISEW.
The endoplasm freezes you.
You are frozen.
You hit the endoplasm. The endoplasm freezes you.
You are frozen.
You hit the endoplasm. The endoplasm misses you.
You hit the endoplasm.
You headbutt the endoplasm, but do no damage.
The endoplasm barely misses you. The endoplasm freezes you.
You are frozen.
You hit the endoplasm.
You kill the endoplasm!
n - a scroll labelled REFUYT XOKISEW
Found 4 gold pieces.
You now have 101 gold pieces (gained 4).
Found a club.
You see here a +0 club.
Done exploring.
There is a stone staircase leading down here.
You climb downwards.
The iguana hisses angrily.
There is a stone staircase leading up here.
You hit the iguana. The iguana closely misses you.
You hit the iguana. The iguana closely misses you.
You hit the iguana but do no damage. The iguana bites you!
You hit the iguana but do no damage. The iguana bites you!
* * * LOW HITPOINT WARNING * * *
You hit the iguana. The iguana bites you!
You die...

###
#@#
#l#
#.#
...
#.#
#..
###


You could see an iguana.

Vanquished Creatures
  2 adders (D:2)
  A ribbon worm (D:2)
  6 bats
  6 endoplasms
  3 giant cockroaches
  2 hobgoblins
  5 quokkas
  4 ball pythons
  4 frilled lizards
  2 goblins
  3 kobolds (D:1)
  4 rats (D:1)
42 creatures vanquished.

Notes
Turn   | Place    | Note
-------+----------+-------------------------------------------
     0 | D:1      | Pooter the Minotaur Monk began the quest for the Orb.
     0 | D:1      | Reached XP level 1. HP: 19/19 MP: 0/0
   108 | D:1      | Reached XP level 2. HP: 27/27 MP: 1/1
   165 | D:1      | Reached skill level 1 in Stealth
   641 | D:2      | Reached XP level 3. HP: 31/33 MP: 2/2
  1456 | D:3      | Slain by an iguana

Illustrated notes

Levels and vault maps discovered:
D:1:      saegor_arrival_simple_b, layout_rooms
D:2:      layout_loops_ring, hangedman_glass_teeth
D:3:      layout_basic, basic_ecumenical_altar

Skill      XL: |  1  2  3 |
---------------+----------+-----
Axes           | 4 |  4.6
Stealth        | 1 |  1.9
Fighting       | 4 |  4.1
Dodging        | |  3.2

Action                     || total
---------------------------++-------
  Melee: Hand axe          ||    80
         Headbutt          ||    14
    Use: Scroll            ||     2
 Armour: Robe              ||    28
  Dodge: Dodged            ||    44

Table legend: (Time is in decaauts)
 A = Elapsed time spent in this place.
 B = Non-inter-level travel time spent in this place.
 C = Inter-level travel time spent in this place.
 D = Time resting spent in this place.
 E = Time spent auto-exploring this place.
 F = Levels seen in this place.
 G = Mean time per level.
                   A        B        C        D        E       F      G
               +--------+--------+--------+--------+--------+-----+--------+
         Total |   1462 |   1407 |     55 |     40 |   1100 |   3 |  487.3 |
       Dungeon |   1462 |   1407 |     55 |     40 |   1100 |   3 |  487.3 |
               +--------+--------+--------+--------+--------+-----+--------+

Top non-repeatable levels by time:
     D:2: 882 daAuts
     D:1: 574 daAuts
     D:3: 5 daAuts
